 Dungeon Crawl Stone Soup version 0.29-a0-1052-g6990b1bffc (webtiles) character file.

Game seed: 17527749132959894163

18708 SensoryNuts the Blocker (level 12, -2/136 HPs)
             Began as a Vampire Fighter on Aug 17, 2022.
             Was an Initiate of Gozag.
             Engulfed by a cloud of freezing vapour (19 damage)
             ... in an ice cave.
             The game lasted 00:38:12 (13506 turns).

SensoryNuts the Blocker (Vampire Fighter)          Turns: 13506, Time: 00:38:12

Health: -2/136     AC: 20    Str: 19    XL:     12   Next: 30%
Magic:  21/21      EV:  6    Int: 10    God:    Gozag
Gold:   238        SH: 17    Dex: 21    Spells: 11/11 levels left

rFire   . . .      SeeInvis +   d - +8 spear of the Big Fish {pain, Contam rPois MP+9}
rCold   . . .      Faith    .   p - +0 kite shield
rNeg    . . .      Spirit   .   l - +2 plate armour
rPois   +          Reflect  .   w - +2 helmet of Polytheism {Contam rElec rPois}
rElec   +          Harm     .   b - +0 cloak "Fatoheov" {rPois rCorr}
rCorr   +          Rampage  .   (no gloves)
Will    +....                   (no boots)
Stlth   ..........              (no amulet)
HPRegen 0.52/turn               g - ring of flight
MPRegen 0.17/turn               t - +6 ring of dexterity

@: berserking, gold aura, flying, healing quickly, very quick
A: alive, fangs 3, see invisible, vampiric 2, large bone plates 1
a: Exsanguinate, Renounce Religion, Potion Petition, Call Merchant, Bribe Branch


You were in an ice cave.
You worshipped Gozag.
Gozag was aware of your devotion.
You visited 1 branch of the dungeon, and saw 11 of its levels.
You also visited: Sewer and Ice Cave.

You collected 3181 gold pieces.
You paid 2943 gold pieces to Gozag.

Inventory:

Hand Weapons
 a - a +0 rapier
 d - the +8 spear of the Big Fish (weapon) {pain, Contam rPois MP+9}
   (You found it on level 2 of the Dungeon)

   In the hands of one skilled in necromantic magic, it inflicts extra damage on
   living creatures.
   rPois:     It protects you from poison.
   MP:        It affects your magic capacity (+9).
   Contam:    It causes magical contamination when unequipped.
Armour
 b - the +0 cloak "Fatoheov" (worn) {rPois rCorr}
   (You acquired it on level 2 of the Dungeon)

   rPois:     It protects you from poison.
   rCorr:     It protects you from acid and corrosion.
 c - a +0 buckler
 l - a +2 plate armour (worn)
 p - a +0 kite shield (worn)
 q - a +0 chain mail
 w - the +2 helmet of Polytheism (worn) {Contam rElec rPois}
   (You found it on level 4 of the Dungeon)

   rElec:     It insulates you from electricity.
   rPois:     It protects you from poison.
   Contam:    It causes magical contamination when unequipped.
Jewellery
 g - a ring of flight (left hand)
 s - a ring of ice
 t - a +6 ring of dexterity (right hand)
 y - a ring of wizardry
 D - a ring of resist corrosion
 H - a ring of magical power
Wands
 B - a wand of charming (12)
 E - a wand of iceblast (12)
Scrolls
 e - 2 scrolls of magic mapping
 f - 3 scrolls of amnesia
 k - 3 scrolls of noise
 n - 2 scrolls of butterflies
 o - a scroll of blinking
 r - 3 scrolls of vulnerability
 x - a scroll of silence {unknown}
 A - 2 scrolls of identify
 G - 4 scrolls of torment
Potions
 h - 2 potions of attraction
 j - 4 potions of brilliance
 u - 5 potions of flight
 z - a potion of cancellation
 C - a potion of resistance
 F - 3 potions of ambrosia


   Skills:
 + Level 7.4 Fighting
 + Level 4.4 Short Blades
 + Level 10.2 Polearms
 + Level 8.1 Armour
 + Level 2.5 Dodging
 + Level 8.0 Stealth
 + Level 10.3 Shields


You had 11 spell levels left.
You didn't know any spells.
Your spell library contained the following spells:

 Spells                   Type           Power      Damage    Failure   Level
 Sandblast                Erth           0%         2d4       100%        1
 Passwall                 Tmut/Erth      0%         N/A       100%        2
 Conjure Flame            Conj/Fire      0%         6-21      100%        3
 Ignite Poison            Fire/Tmut/Pois 0%         N/A       100%        3
 Ozocubu's Armour         Ice            0%         N/A       100%        3
 Stone Arrow              Conj/Erth      0%         3d7       100%        3
 Sticky Flame             Conj/Fire      0%         2d3       100%        4
 Ozocubu's Refrigeration  Ice            0%         4d7       100%        7


Dungeon Overview and Level Annotations

Branches:
Dungeon (11/15)            Temple (0/1) D:6           Sewer (visited)
  IceCv (1/1)
   Lair: D:8-11         Orc: D:9-12

Altars:
Cheibriados
Gozag
Hepliaklqana
Kikubaaqudgha
Nemelex Xobeh
Okawaru
Qazlal
Sif Muna
Yredelemnul


Innate Abilities, Weirdness & Mutations

Your natural rate of healing is accelerated.
You have razor-sharp teeth.
You have supernaturally acute eyesight. (SInv)
You are afflicted with vampirism and can become a bat while bloodless.
You are partially covered in large bone plates. (SH +4)


Message History

The ice beast hits you but does no damage. x2
The ice statue gestures at you. The freezing blast engulfs you.
You hit the ice statue.
The ice statue is almost destroyed.
You are engulfed in freezing vapours.
The ice beast hits you. The ice beast freezes you!
* * * LOW HITPOINT WARNING * * *
You block the ice beast's attack. The ice beast barely misses you.
You hit the ice statue.
The ice statue is almost destroyed.
You are engulfed in freezing vapours.
* * * LOW HITPOINT WARNING * * *
The ice beast hits you but does no damage.
You block the ice beast's attack. [a] - 884 gold - resistance, invisibility, heal wounds, curing and magic [b] - 552 gold - resistance, might and haste [c] - 260 gold - heal wounds and berserk rage Purchase which effect?
You no longer have enough gold to petition Gozag for potion effects.
You feel much better.
A red film seems to cover your vision as you go berserk!
You feel yourself moving faster!
You feel mighty!
You are engulfed in freezing vapours.
* * * LOW HITPOINT WARNING * * *
The ice beast hits you but does no damage.
The ice statue gestures at you. The bolt of cold hits you!!
* * * LOW HITPOINT WARNING * * *
You block the ice beast's attack.
The ice beast hits you but does no damage.
You're standing in a cloud of freezing vapour!
You puncture the ice statue!
You destroy the ice statue!
The ice beast disappears in a puff of smoke! x3
You are engulfed in freezing vapours.
* * * LOW HITPOINT WARNING * * *
You are engulfed in freezing vapours.
You die...
Your body crumbles into a pile of gold.

#..........## ##.#
#............## #..#
#.....#........###
###.##
.......###.......###...#
.......#######.......###
#........## #####...#
##....°°.### #.###
###...°°°°# ### #.○°@#
##.°### #####..##
####.#...## ##......###
##....#### # ##..####
### #..### ##.. #....###
#...


There were no monsters in sight!

Vanquished Creatures
  A frost giant (IceCv)
  A centaur warrior (D:11)
  7 death yaks (IceCv)
  The ghost of coolguy69 the Covert, a novice VSMo of Okawaru (D:8)
  An ice statue (IceCv)
  2 gargoyles
  6 rime drakes (IceCv)
  2 hornets
  A queen bee (D:8)
  2 polar bears (IceCv)
  A wraith (D:8)
  18 yaks
  A wyvern (D:9)
  2 water moccasins
  6 orc warriors
  An ice beast (D:5)
  A black bear (D:5)
  An ogre (D:5)
  7 centaurs
  5 wolves (IceCv)
  2 phantoms
  4 bullfrogs
  5 kobold brigands
  2 necrophages
  6 scorpions
  20 wights
  10 killer bees (D:8)
  3 howler monkeys
  2 hounds
  A quasit (D:6)
  4 jellies
  Crazy Yiuf (D:5)
  A gnoll bouda (D:9)
  2 orc priests (D:5)
  9 orc wizards
  An iguana (D:6)
  9 gnolls
  10 adders
  4 river rats (Sewer)
  5 shadow imps
  13 white imps
  4 ufetubi
  2 worms (Sewer)
  A dart slug (D:3)
  42 orcs
  7 ball pythons
  10 bats
  4 endoplasms
  5 giant cockroaches
  6 goblins
  4 hobgoblins
  14 jackals
  9 quokkas
  3 frilled lizards
  27 kobolds
  7 rats
326 creatures vanquished.

Vanquished Creatures (collateral kills)
  2 polar bears (IceCv)
  A wolf (IceCv)
3 creatures vanquished.

Vanquished Creatures (others)
  A demonic plant (D:6)
1 creature vanquished.

Grand Total: 330 creatures vanquished

Notes
Turn   | Place    | Note
-------+----------+-------------------------------------------
     0 | D:1      | SensoryNuts the Vampire Fighter began the quest for the
                  | Orb.
     0 | D:1      | Reached XP level 1. HP: 17/17 MP: 1/1
   244 | D:1      | Reached XP level 2. HP: 20/23 MP: 2/2
   748 | D:2      | Found an opulent altar of Gozag.
   777 | D:2      | Gained mutation: You are afflicted with vampirism and can
                  | become a bat while bloodless. [Vampire growth]
   777 | D:2      | Reached XP level 3. HP: 16/29 MP: 3/3
   803 | D:2      | Became a worshipper of Gozag Ym Sagoz the Greedy
  1159 | D:2      | Reached XP level 4. HP: 31/35 MP: 4/4
  1347 | D:2      | Noticed a necrophage
  1366 | D:2      | Killed a necrophage
  1367 | D:2      | Reached XP level 5. HP: 12/39 MP: 5/5
  1460 | D:2      | Identified the +8 spear of the Big Fish {pain, Contam rPois
                  | MP+9}
  1750 | D:2      | Identified a scroll of acquirement
  1750 | D:2      | Acquired the +0 cloak "Fatoheov" {rPois rCorr}
  1805 | D:2      | Gained mutation: You are partially covered in iridescent
                  | scales. (AC +2) [potion of mutation]
  1805 | D:2      | Gained mutation: Your body sometimes deteriorates upon
                  | taking damage. [potion of mutation]
  1805 | D:2      | Gained mutation: You expend magic power (3 MP) to
                  | strengthen your wands. [potion of mutation]
  1874 | D:3      | Lost mutation: You expend magic power (3 MP) to strengthen
                  | your wands. [potion of mutation]
  1874 | D:3      | Lost mutation: Your body sometimes deteriorates upon taking
                  | damage. [potion of mutation]
  1874 | D:3      | Gained mutation: You are occasionally teleported next to
                  | monsters. [potion of mutation]
  1938 | D:3      | Found a faded altar of an unknown god.
  2092 | D:3      | Found an iron altar of Okawaru.
  2498 | D:4      | Reached skill level 1 in Polearms
  2498 | D:4      | Reached XP level 6. HP: 48/48 MP: 6/6
  2526 | D:4      | Found a glowing drain.
  2530 | Sewer    | Entered a sewer
  3691 | D:4      | Reached skill level 1 in Stealth
  3745 | D:4      | Identified the +2 helmet of Polytheism {Contam rElec rPois}
  3845 | D:4      | Reached XP level 7. HP: 52/53 MP: 7/7
  4223 | D:4      | Found a shimmering blue altar of Sif Muna.
  4425 | D:5      | Entered Level 5 of the Dungeon
  4557 | D:5      | Reached skill level 1 in Dodging
  5033 | D:5      | Reached XP level 8. HP: 50/61 MP: 8/8
  5229 | D:5      | Found a sparkling altar of Nemelex Xobeh.
  5252 | D:5      | Found a runed translucent door.
  5253 | D:5      | Noticed Crazy Yiuf
  5512 | D:5      | Killed Crazy Yiuf
  5858 | D:6      | Reached skill level 5 in Shields
  5948 | D:6      | Reached skill level 5 in Polearms
  6780 | D:6      | Found a staircase to the Ecumenical Temple.
  6821 | D:6      | Reached skill level 5 in Armour
  7271 | D:7      | Reached XP level 9. HP: 29/52 MP: 9/9
  7651 | D:7      | Reached skill level 5 in Fighting
  8030 | D:8      | Found a transporter.
  8586 | D:8      | Noticed a queen bee
  8588 | D:8      | Found a transporter.
  8589 | D:8      | Noticed coolguy69's ghost (novice VSMo)
  8867 | D:8      | Found a stormy altar of Qazlal.
  8908 | D:8      | Noticed a gargoyle
  8976 | D:8      | Reached XP level 10. HP: 40/59 MP: 10/10
  9565 | D:8      | Killed a gargoyle
  9566 | D:8      | Reached skill level 5 in Stealth
  9768 | D:8      | Found a basalt altar of Yredelemnul.
  9777 | D:8      | Found an ancient bone altar of Kikubaaqudgha.
  9780 | D:8      | Found an opulent altar of Gozag.
  9780 | D:8      | Found a snail-covered altar of Cheibriados.
  9787 | D:8      | Found a hazy altar of Hepliaklqana.
 10593 | D:8      | Killed coolguy69's ghost
 10649 | D:8      | HP: 3/60 [killer bee (4)]
 10990 | D:8      | Lost mutation: You are occasionally teleported next to
                  | monsters. [potion of mutation]
 10990 | D:8      | Lost mutation: You are partially covered in iridescent
                  | scales. (AC +2) [potion of mutation]
 10990 | D:8      | Gained mutation: You are partially covered in large bone
                  | plates. (SH +4) [potion of mutation]
 11322 | D:9      | Reached XP level 11. HP: 59/64 MP: 11/11
 11630 | D:9      | Noticed a two-headed ogre
 11640 | D:10     | Entered Level 10 of the Dungeon
 11640 | D:10     | Noticed a deep elf pyromancer
 11640 | D:10     | You are sucked into a shaft and drop 1 floor!
 11865 | D:11     | Noticed a centaur warrior
 11882 | D:11     | Killed a centaur warrior
 12124 | D:11     | Found a frozen archway.
 12140 | IceCv    | Entered an ice cave
 12450 | IceCv    | Noticed a death yak
 12450 | IceCv    | Noticed a death yak
 12460 | IceCv    | Killed a death yak
 12473 | IceCv    | Killed a death yak
 12695 | IceCv    | Noticed a death yak
 12697 | IceCv    | Noticed a frost giant
 12737 | IceCv    | Killed a death yak
 12759 | IceCv    | Killed a frost giant
 12956 | IceCv    | Noticed a death yak
 12956 | IceCv    | Noticed a death yak
 12956 | IceCv    | Noticed a death yak
 13027 | IceCv    | Killed a death yak
 13028 | IceCv    | Reached skill level 10 in Shields
 13028 | IceCv    | Reached XP level 12. HP: 43/91 MP: 12/12
 13051 | IceCv    | Killed a death yak
 13063 | IceCv    | Killed a death yak
 13071 | IceCv    | Reached skill level 10 in Polearms
 13294 | IceCv    | Noticed a death yak
 13351 | IceCv    | Killed a death yak
 13506 | IceCv    | Engulfed by a cloud of freezing vapour

Illustrated notes

Levels and vault maps discovered:
D:1:      lightli_arrival_maybe_door_vault, layout_loops_ring, dk_noncrumbling_4
D:2:      kennysheep_big_flooded_room, layout_rooms, basic_altar,
          minmay_misc_feat_hallway, chequers_serial_rivers_room_a
D:3:      layout_rooms, mainiacjoe_overflow_alcove_4,
          shapermc_ecumenical_altar_starsandcircs, chequers_serial_rivers_marsh,
          kennysheep_generic_room_16
D:4:      layout_gridville, tgw_sif, gup_sewer_entry_bowl,
          minmay_misc_feat_square, minmay_crossroads
D:5:      layout_cave_pods, nemelex_diamond_rough_becter,
          uniq_crazy_yiuf_cottage
D:6:      layout_layer_cave, minmay_temple_entry_junction_2, serial_demonic,
          serial_demonic_f, serial_demonic_e, serial_demonic_d, serial_demonic_a
D:7:      layout_basic, amethyst_killhole, minmay_misc_feat_columns,
          kennysheep_small_spiral
D:8:      layout_layer_cave, nicolae_overflow_hallway_of_the_gods,
          nicolae_qazlal_style_of_elements, gammafunk_ghost_hive, minivault_24,
          nzn_random_ring
D:9:      hangedman_screamer, layout_rooms, enter_bailey_8, minivault_26,
          grunt_decor_fettered
D:10:     layout_roguey, mainiacjoe_overflow_concentric_impassable,
          hangedman_decor_clover_reticule, uniq_lodul, uniq_snorg
D:11:     layout_loops_ring, erik_lair_dragon, orc_0_dummy, serial_shops,
          nicolae_shop_hallway_plus, portal_ice_cave_entry_imps
IceCv:    ice_cave_small_giant

Skill      XL: |  1  2  3  4  5  6  7  8  9 10 11 12 |
---------------+-------------------------------------+-----
Fighting       | 3 4 5 6 7 |  7.4
Short Blades   | 3 4 |  4.4
Armour         | 3 4 5 6 7 8 |  8.1
Shields        | 3 4 5 6 8 10 | 10.3
Polearms       | 1 2 4 5 7 8 9 10 | 10.2
Stealth        | 1 3 4 5 7 8 |  8.0
Dodging        | 1 2 |  2.5

Action                   |  1- 3 |  4- 6 |  7- 9 | 10-12 || total
-------------------------+-------+-------+-------+-------++-------
Melee: Rapier            |   112 |    32 |       |       ||   144
       Bite              |     9 |    17 |    43 |    96 ||   165
       Spear             |       |   191 |   445 |   626 ||  1262
Invok: Potion Petition   |       |       |       |     8 ||     8
 Abil: Exsanguinate      |       |       |     1 |       ||     1
       Revivify          |       |       |       |     1 ||     1
  Use: Potion            |       |    12 |     7 |    11 ||    30
       Scroll            |       |     8 |     7 |     6 ||    21
 Stab: Distracted        |       |     2 |     8 |     4 ||    14
       Confused          |       |       |       |     1 ||     1
       Invisible         |       |       |       |    13 ||    13
Armor: Scale mail        |    42 |       |       |       ||    42
       Chain mail        |    16 |    31 |       |       ||    47
       Plate armour      |       |    85 |   228 |   211 ||   524
Dodge: Dodged            |    48 |    43 |    69 |    85 ||   245
Block: Buckler           |    35 |    24 |       |       ||    59
       Kite shield       |       |    59 |   244 |   386 ||   689

Table legend: (Time is in decaauts)
 A = Elapsed time spent in this place.
 B = Non-inter-level travel time spent in this place.
 C = Inter-level travel time spent in this place.
 D = Time resting spent in this place.
 E = Time spent auto-exploring this place.
 F = Levels seen in this place.
 G = Mean time per level.
                   A        B        C        D        E       F      G
               +--------+--------+--------+--------+--------+-----+--------+
         Total |  13589 |  13273 |    316 |     90 |   9789 |  13 | 1045.3 |
       Dungeon |  11228 |  10912 |    316 |     88 |   8222 |  11 | 1020.7 |
         Sewer |   1034 |   1034 |      0 |      0 |    620 |   1 | 1034.0 |
      Ice Cave |   1326 |   1326 |      0 |      2 |    946 |   1 | 1326.0 |
               +--------+--------+--------+--------+--------+-----+--------+

Top non-repeatable levels by time:
     D:8: 2886 daAuts
     D:6: 1422 daAuts
     D:5: 1396 daAuts
   IceCv: 1326 daAuts
     D:4: 1144 daAuts
     D:2: 1036 daAuts
   Sewer: 1034 daAuts
     D:1: 800 daAuts
     D:7: 800 daAuts
     D:3: 644 daAuts
     D:9: 612 daAuts
    D:11: 484 daAuts
